 Dungeon Crawl Stone Soup version 0.29-a0-72-g1732ff48e7 (webtiles) character file.

Game seed: 2189592590780000924

277 Spectrina the Poker (level 6, -1/47 HPs)
             Began as a Merfolk Monk on Feb 3, 2022.
             Was a Priest of Vehumet.
             Slain by a gnoll (3 damage)
             ... on level 4 of the Dungeon.
             The game lasted 00:20:29 (1649 turns).

Spectrina the Poker (Merfolk Monk)                  Turns: 1649, Time: 00:20:30

Health: -1/47      AC:  7    Str: 17    XL:     6   Next: 25%
Magic:  12/19      EV: 14    Int:  9    God:    Vehumet [***...]
Gold:   154        SH:  0    Dex: 19    Spells: 3/11 levels left

rFire   . . .      SeeInvis .   a - +0 spear
rCold   . . .      Faith    .   (no shield)
rNeg    + . .      Spirit   .   u - +0 robe of a volcano {rN+ rCorr Str+3 Dex+3}
rPois   .          Reflect  .   (no helmet)
rElec   .          Harm     .   (no cloak)
rCorr   +          Rampage  .   s - +0 pair of gloves
Will    .....                   (no boots)
Stlth   ++........              (no amulet)
HPRegen 0.15/turn               l - +4 ring of protection
MPRegen 0.16/turn               v - ring of magical power

@: unable to read
A: (nimble swimmer 2), mertail, claws 1, wild magic 1, inability to read while
threatened
a: Renounce Religion


You were on level 4 of the Dungeon.
You worshipped Vehumet.
Vehumet was most pleased with you.
You visited 1 branch of the dungeon, and saw 5 of its levels.

You collected 154 gold pieces.

Inventory:

Hand Weapons
 a - a +0 spear (weapon)
 o - a +2 dagger of venom
 x - a +2 short sword of holy wrath
Missiles
 c - 24 stones (quivered)
 e - 21 arrows
 i - 59 sling bullets
 j - 27 bolts
Armour
 b - a +0 robe
 g - a +0 ring mail
 p - an orb of guile
 s - a +0 pair of gloves (worn)
 u - the +0 robe of a volcano (worn) {rN+ rCorr Str+3 Dex+3}
   (You found it on level 4 of the Dungeon)

   Str:       It affects your strength (+3).
   Dex:       It affects your dexterity (+3).
   rN:        It protects you from negative energy.
   rCorr:     It protects you from acid and corrosion.
Jewellery
 l - a +4 ring of protection (left hand)
 n - a ring of ice
 v - a ring of magical power (right hand)
Scrolls
 d - a scroll of blinking {unknown}
 h - a scroll of enchant weapon {unknown}
 k - a scroll of identify {unknown}
 q - a scroll of fog {unknown}
 r - a scroll of teleportation {unknown}
 w - a scroll of summoning {unknown}
 y - a scroll of fear {unknown}
Potions
 f - a potion of curing {unknown}
 m - a potion of invisibility {unknown}
 t - a potion of attraction {unknown}


   Skills:
 - Level 3.2 Fighting
 - Level 6.5 Polearms
 - Level 4.0 Dodging
 - Level 2.1 Stealth
 * Level 3.0 Spellcasting
 + Level 1.3 Conjurations
 + Level 1.8 Ice Magic
 + Level 1.3 Earth Magic


You had 3 spell levels left.
You knew the following spells:

 Your Spells              Type           Power      Damage    Failure   Level
a - Sandblast             Erth           8%         2d5       7%          1
q - Freeze                Ice            24%        1d5       5%          1
s - Stone Arrow           Conj/Erth      8%         3d7       17%         3
y - Mephitic Cloud        Conj/Pois/Air  2%         N/A       24%         3

Your spell library contained the following spells:

 Spells                   Type           Power      Damage    Failure   Level
 Frozen Ramparts          Ice            12%        1d3       14%         3
 Hailstorm                Conj/Ice       5%         3d4       41%         4


Dungeon Overview and Level Annotations

Branches:
Dungeon (5/15)
 Temple: D:4-7

Altars:
Vehumet

Annotations:
D:3 Grinder


Innate Abilities, Weirdness & Mutations

((You are very nimble when in or above water. (Stealth+, EV+, Speed+++)))
Your lower body shifts to a powerful aquatic tail in water.
You have sharp fingernails.
Your spells are a little harder to cast, but a little more powerful.
You sometimes lose the ability to read scrolls when taking damage.


Message History

You kill the gnoll!
Vehumet accepts your kill.
Unknown command.
Casting: Freeze (safe; 5% risk of failure)
Confirm with . or Enter, or press ? or * to list all spells.
Aiming: Freeze (safe; 5% risk of failure)
Press: ? - help, Shift-Dir - straight line, f - gnoll
Aim: a gnoll, wielding a +0 whip You freeze the gnoll.
The gnoll is moderately wounded.
The gnoll hits you with a +0 whip.
* * * LOW HITPOINT WARNING * * *
Casting: Freeze (safe; 5% risk of failure)
Confirm with . or Enter, or press ? or * to list all spells.
Aiming: Freeze (safe; 5% risk of failure)
Press: ? - help, Shift-Dir - straight line, f/p - gnoll
Aim: a gnoll, wielding a +0 whip (moderately wounded)
You freeze the gnoll.
The gnoll is heavily wounded.
The gnoll hits you with a +0 whip!
You feel threatened and lose the ability to read scrolls!
* * * LOW HITPOINT WARNING * * *
Casting: Freeze (safe; 5% risk of failure)
Confirm with . or Enter, or press ? or * to list all spells.
Aiming: Freeze (safe; 5% risk of failure)
Press: ? - help, Shift-Dir - straight line, f/p - gnoll
Aim: a gnoll, wielding a +0 whip (heavily wounded)
You freeze the gnoll.
The gnoll is severely wounded.
The gnoll hits you with a +0 whip.
* * * LOW HITPOINT WARNING * * *
Casting: Freeze (safe; 5% risk of failure)
Confirm with . or Enter, or press ? or * to list all spells.
Aiming: Freeze (safe; 5% risk of failure)
Press: ? - help, Shift-Dir - straight line, f/p - gnoll
Aim: a gnoll, wielding a +0 whip (severely wounded)
You freeze the gnoll.
The gnoll is severely wounded.
The gnoll hits you with a +0 whip.
You die...

#..........####
#.............####
#........#........
#'###........ ######
#............
#....###.....##.#...
#..<................
#....###.....##.#..
###@## #........#...
##g#####...>.......
#.l)..##...###.....
#.....###### .....
#.....# .....
#.....########.....
#.....##...........
#.....##...........
#.....##....g......


You could see an iguana and a gnoll.

Vanquished Creatures
  A hound (D:5)
  An orc priest (D:3)
  Terence (D:2)
  An orc wizard (D:3)
  2 adders
  9 gnolls
  An adder skeleton (D:4)
  A worm (D:2)
  6 orcs
  4 endoplasms
  4 goblins
  6 hobgoblins
  2 jackals (D:1)
  2 quokkas
  5 ball pythons
  2 bats
  2 frilled lizards
  5 kobolds
  7 rats
62 creatures vanquished.

Vanquished Creatures (others)
  11 plants (D:2)
11 creatures vanquished.

Grand Total: 73 creatures vanquished

Notes
Turn   | Place    | Note
-------+----------+-------------------------------------------
     0 | D:1      | Spectrina the Merfolk Monk began the quest for the Orb.
     0 | D:1      | Reached XP level 1. HP: 18/18 MP: 1/1
    33 | D:1      | Reached skill level 5 in Polearms
    39 | D:1      | Reached XP level 2. HP: 7/24 MP: 2/2
    82 | D:1      | Reached skill level 6 in Polearms
    82 | D:1      | Reached XP level 3. HP: 12/29 MP: 3/3
   202 | D:2      | Noticed Terence
   256 | D:2      | Found a faded altar of an unknown god.
   263 | D:2      | Prayed at the altar of an unknown god.
   263 | D:2      | Became a worshipper of Vehumet
   263 | D:2      | Reached * piety under Vehumet
   263 | D:2      | Offered knowledge of Sandblast by Vehumet.
   263 | D:2      | Reached ** piety under Vehumet
   267 | D:2      | Learned a level 1 spell: Sandblast
   294 | D:2      | Offered knowledge of Static Discharge by Vehumet.
   302 | D:2      | Gained mutation: You have sharp fingernails. [potion of
                  | mutation]
   302 | D:2      | Gained mutation: You sometimes lose the ability to read
                  | scrolls when taking damage. [potion of mutation]
   302 | D:2      | Gained mutation: Your spells are a little harder to cast,
                  | but a little more powerful. [potion of mutation]
   462 | D:2      | Upgraded the game from 0.29-a0-43-g62a80824bf to
                  | 0.29-a0-72-g1732ff48e7
   477 | D:2      | Offered knowledge of Stone Arrow by Vehumet.
   602 | D:2      | Killed Terence
   602 | D:2      | Reached *** piety under Vehumet
   603 | D:2      | Reached skill level 1 in Spellcasting
   603 | D:2      | Reached XP level 4. HP: 11/35 MP: 3/6
   607 | D:2      | Learned a level 3 spell: Stone Arrow
   713 | D:2      | Learned a level 1 spell: Freeze
   905 | D:3      | Noticed a black bear
   923 | D:3      | Noticed Grinder
  1134 | D:3      | Offered knowledge of Mephitic Cloud by Vehumet.
  1135 | D:3      | Reached XP level 5. HP: 32/41 MP: 0/8
  1170 | D:3      | Learned a level 3 spell: Mephitic Cloud
  1302 | D:3      | Reached skill level 1 in Ice Magic
  1361 | D:4      | Identified the +0 robe of a volcano {rN+ rCorr Str+3 Dex+3}
  1487 | D:3      | Reached skill level 1 in Earth Magic
  1496 | D:3      | Reached skill level 1 in Conjurations
  1521 | D:5      | Entered Level 5 of the Dungeon
  1578 | D:3      | Reached XP level 6. HP: 26/47 MP: 10/10
  1648 | D:4      | HP: 2/47 [gnoll (3)]
  1649 | D:4      | Slain by a gnoll

Illustrated notes

Levels and vault maps discovered:
D:1:      nzn_arrival_water_spiral, layout_rooms, minmay_misc_feat_plants
D:2:      layout_basic, dilly_ecumenical_altar_fadedgnrine,
          minmay_misc_feat_square, minmay_misc_feat_four_crosses,
          minmay_circle_x, uniq_terence
D:3:      layout_loops_ring, uniq_grinder
D:4:      layout_basic
D:5:      layout_rooms, nicolae_overflow_hidden_temple,
          minmay_temple_entry_junction, serial_shops, nicolae_shop_stone

Skill      XL: |  1  2  3  4  5  6 |
---------------+-------------------+-----
Polearms       | 5 6 |  6.5
Spellcasting   | 1 2 3 |  3.0
Ice Magic      | 1 |  1.8
Earth Magic    | 1 |  1.3
Conjurations   | 1 |  1.3
Fighting       | |  3.2
Dodging        | |  4.0
Stealth        | |  2.1

Action                   |  1- 3 |  4- 6 || total
-------------------------+-------+-------++-------
Melee: Spear             |   117 |    86 ||   203
       Tailslap          |     2 |       ||     2
       Punch             |     1 |     1 ||     2
Throw: Stone             |     1 |       ||     1
 Cast: Sandblast         |       |    42 ||    42
       Freeze            |       |    36 ||    36
  Use: Potion            |     2 |       ||     2
 Stab: Sleeping          |     2 |     1 ||     3
Armor: Robe              |     4 |     6 ||    10
       Ring mail         |    12 |    24 ||    36
Dodge: Dodged            |    33 |    57 ||    90

Table legend: (Time is in decaauts)
 A = Elapsed time spent in this place.
 B = Non-inter-level travel time spent in this place.
 C = Inter-level travel time spent in this place.
 D = Time resting spent in this place.
 E = Time spent auto-exploring this place.
 F = Levels seen in this place.
 G = Mean time per level.
                   A        B        C        D        E       F      G
               +--------+--------+--------+--------+--------+-----+--------+
         Total |   1598 |   1536 |     62 |      0 |      0 |   5 |  319.6 |
       Dungeon |   1598 |   1536 |     62 |      0 |      0 |   5 |  319.6 |
               +--------+--------+--------+--------+--------+-----+--------+

Top non-repeatable levels by time:
     D:2: 760 daAuts
     D:3: 360 daAuts
     D:4: 248 daAuts
     D:1: 202 daAuts
     D:5: 27 daAuts
